 Dungeon Crawl Stone Soup version 0.18-a0-960-g77c8fc5 (webtiles) character file.

3146 Duffy the Grappler (level 9, -11/69 HPs)
             Began as a Mummy Monk on Dec 31, 2015.
             Was an Elder of Cheibriados.
             Mangled by a large slime creature (31 damage)
             ... on level 7 of the Dungeon.
             The game lasted 00:11:01 (9559 turns).

Duffy the Grappler (Mummy Monk)                     Turns: 9559, Time: 00:11:01

Health: -11/69     AC: 16    Str: 26    XL:     9   Next: 62%
Magic:  9/9        EV: 10    Int: 18    God:    Cheibriados [****..]
Gold:   333        SH:  0    Dex: 24    Spells: 0 memorised, 8 levels left

rFire  . . .     SeeInvis .       - Unarmed
rCold  + . .     Gourm    .     g - +0 plate armour
rNeg   + + +     Faith    .     (no shield)
rPois  ∞         Spirit   .     (no helmet)
rElec  .         Dismiss  +     t - +0 cloak
rCorr  .         Reflect  .     e - +2 pair of gloves
SustAt .         Harm     .     f - +0 pair of boots
MR     +....                    a - amulet of dismissal
Stlth  ..........               q - ring of protection from fire
                                n - ring of loudness (curse)

@: very slow, somewhat resistant to hostile enchantments, extremely unstealthy
A: no food or potions, fire vulnerability, cold resistance 1, negative energy
resistance 3, torment resistance, unbreathing
a: Bend Time, Temporal Distortion, Slouch, Renounce Religion


You were on level 7 of the Dungeon.
You worshipped Cheibriados.
Cheibriados was greatly pleased with you.
You were not hungry.

You visited 2 branches of the dungeon, and saw 9 of its levels.

You collected 333 gold pieces.


Innate Abilities, Weirdness & Mutations

You do not eat or drink.
Your flesh is vulnerable to fire.
You are immune to poison.
Your flesh is cold resistant.
You are immune to negative energy.
You are immune to unholy pain and torment.
You can survive without breathing.


   Skills:
 + Level 5.7 Fighting
 + Level 2.8 Armour
 - Level 4.0 Dodging
 - Level 1.5 Stealth
 * Level 10.2 Unarmed Combat


You had 8 spell levels left.
You didn't know any spells.

Inventory:

Missiles
 d - 18 poisoned needles
Armour
 e - a +2 pair of gloves (worn)
 f - a +0 pair of boots (worn)
 g - a +0 plate armour (worn)
 i - a +0 chain mail
 t - a +0 cloak (worn)
Jewellery
 a - an amulet of dismissal (around neck)
 n - a cursed ring of loudness (left hand)
 q - a ring of protection from fire (right hand)
Wands
 k - a wand of slowing (38/48)
 o - a wand of polymorph (17/24)
 s - a wand of paralysis (1/24)
Scrolls
 b - a scroll of identify
 c - 3 scrolls of magic mapping
 h - 2 scrolls of recharging
 j - a scroll of fear
 l - 2 scrolls of fog
 m - a scroll of immolation
 p - 2 scrolls of blinking
 r - a scroll of remove curse

Dungeon Overview and Level Annotations

Branches:
Dungeon (8/15)             Temple (1/1) D:4
   Lair: D:8-11

Altars:
Ashenzari
Cheibriados
Dithmenos
Elyvilon
Fedhas
Gozag
Kikubaaqudgha
Makhleb
Nemelex Xobeh
Okawaru
Pakellas
Qazlal
Ru
Vehumet
Xom
Zin
The Shining One

Annotations:
D:4 Sigmund
D:8 Prince Ribbit


Message History

You are too injured to fight recklessly!
You are too injured to fight recklessly!
You are too injured to fight recklessly!
You are too injured to fight recklessly!
You are too injured to fight recklessly!
You are too injured to fight recklessly!
You are too injured to fight recklessly!
You are too injured to fight recklessly!
You are too injured to fight recklessly!
You are too injured to fight recklessly!
You are too injured to fight recklessly!
You are too injured to fight recklessly!
You are too injured to fight recklessly!
You are too injured to fight recklessly!
You are too injured to fight recklessly!
You are too injured to fight recklessly!
You are too injured to fight recklessly!
You barely miss the large slime creature.
The large slime creature is heavily wounded.
The large slime creature hits you but does no damage.
You punch the large slime creature!
The large slime creature is heavily wounded.
The large slime creature hits you.
You punch the large slime creature!
The large slime creature is severely wounded.
The large slime creature closely misses you.
You hit the large slime creature.
The large slime creature is severely wounded.
The large slime creature hits you!
Your plate armour prevents you from hitting the large slime creature.
The large slime creature is severely wounded.
You hit the large slime creature.
The large slime creature is severely wounded.
The large slime creature hits you!!
You die...

#.. #.. ###
#############
#.J@......).#
#.#########)#
#.....# #)#
##.......##.########
#.......#..........
'.......#..........
#.J.....#..........
#.......#..........
#.......#.......###


You could see a large slime creature.

Action                   |  1- 3 |  4- 6 |  7- 9 || total
-------------------------+-------+-------+-------++-------
Melee: Unarmed           |   158 |   300 |   369 ||   827
  Use: Scroll            |       |     4 |     7 ||    11
 Stab: Sleeping          |     3 |     1 |       ||     4
       Distracted        |     1 |       |       ||     1

Notes
Turn   | Place    | Note
--------------------------------------------------------------
     0 | D:1      | Duffy the Mummy Monk began the quest for the Orb.
     0 | D:1      | Reached XP level 1. HP: 18/18 MP: 1/1
    59 | D:1      | Found a sparkling altar of Nemelex Xobeh.
   555 | D:1      | Reached XP level 2. HP: 24/24 MP: 2/2
   978 | D:1      | Reached skill level 4 in Unarmed Combat
  1339 | D:1      | Reached XP level 3. HP: 29/29 MP: 3/3
  1713 | D:2      | Found a shimmering altar of Xom.
  2294 | D:2      | Reached XP level 4. HP: 27/35 MP: 4/4
  2739 | D:3      | Noticed an ice beast
  3260 | D:3      | Reached skill level 5 in Unarmed Combat
  3406 | D:3      | Found a blossoming altar of Fedhas.
  3499 | D:3      | Found a radiant altar of Vehumet.
  3623 | D:3      | Reached XP level 5. HP: 39/41 MP: 5/5
  4030 | D:2      | Killed an ice beast
  4030 | D:2      | Reached skill level 6 in Unarmed Combat
  4030 | D:2      | Reached XP level 6. HP: 37/47 MP: 6/6
  4170 | D:4      | Found a staircase to the Ecumenical Temple.
  4175 | Temple   | Entered the Ecumenical Temple
  4667 | D:4      | Found an oddly glowing altar of Pakellas.
  4672 | D:4      | Noticed Sigmund
  4925 | D:5      | Entered Level 5 of the Dungeon
  5009 | D:5      | Noticed Duffy's ghost (weakling NaAr)
  5028 | D:5      | Killed Duffy's ghost
  5532 | D:5      | Reached skill level 7 in Unarmed Combat
  5672 | D:5      | Reached XP level 7. HP: 49/52 MP: 7/7
  5937 | D:5      | Found a snail-covered altar of Cheibriados.
  5945 | D:5      | Became a worshipper of Cheibriados the Contemplative
  5945 | D:5      | Reached * piety under Cheibriados
  5945 | D:5      | Reached ** piety under Cheibriados
  6457 | D:5      | Found an iron altar of Okawaru.
  6900 | D:6      | Noticed Pikel
  6917 | D:6      | Paralysed by Pikel for 3 turns
  6926 | D:6      | Killed Pikel
  6926 | D:6      | Reached skill level 9 in Unarmed Combat
  6926 | D:6      | Reached XP level 8. HP: 50/60 MP: 8/8
  7123 | D:6      | Found a glowing golden altar of the Shining One.
  7196 | D:6      | Reached skill level 3 in Dodging
  7248 | D:6      | Reached skill level 4 in Fighting
  7791 | D:7      | Reached *** piety under Cheibriados
  7792 | D:7      | Found a glowing golden altar of the Shining One.
  7972 | D:7      | Reached skill level 1 in Armour
  7972 | D:7      | Reached XP level 9. HP: 64/66 MP: 9/9
  8166 | D:8      | Found a stormy altar of Qazlal.
  8233 | D:8      | Reached skill level 5 in Fighting
  8380 | D:8      | Noticed Prince Ribbit
  8429 | D:8      | Reached skill level 4 in Dodging
  8794 | D:8      | Noticed a gargoyle
  8812 | D:8      | Killed a gargoyle
  8812 | D:8      | Reached **** piety under Cheibriados
  8812 | D:8      | Reached skill level 2 in Armour
  9246 | D:7      | Found a burning altar of Makhleb.
  9329 | D:7      | Reached skill level 10 in Unarmed Combat
  9559 | D:7      | Mangled by a large slime creature

Vault maps used:
D:1:      evilmike_arrival_rings, nemelex_deck
D:2:      lemuel_statue_altar
D:3:      fedhas_altar_3, lemuel_doored_altar, first_bread
D:4:      old_standard_altar, lemuel_blue_sif_altar, temple_doors_e,
          lightli_ossuary_entry_decrepit_ruins, uniq_sigmund, uniq_grinder
D:5:      overflow_temple_1_default, overflow_temple_1_default
D:6:      overflow_temple_1_default, st_stairs_10, uniq_pikel
D:7:      marbit_many_paths, kennysheep_little_box, nicolae_tso_besieged_by_evil
D:8:      lemuel_crystal_altar, serial_shops, nicolae_shop_trees,
          hangedman_little_slice_of_home, uniq_prince_ribbit1
Temple:   minmay_temple_bridge_a_8

Vanquished Creatures
  Pikel
  A gargoyle
  A slime creature
  A soldier ant
  An orc warrior
  3 ice beasts
  4 centaurs
  4 giant frogs
  2 scorpions
  3 crimson imps
  A giant frog zombie
  3 quasits
  2 hounds
  A jelly
  4 orc wizards
  A giant frog skeleton
  4 orc priests
  An iguana
  6 worker ants
  A killer bee zombie
  The ghost of Duffy the Charlatan, a weakling NaAr
  3 gnolls
  11 adders
  4 shadow imps
  An adder skeleton
  6 giant geckos
  18 orcs
  7 giant cockroaches
  7 goblins
  11 hobgoblins
  21 jackals
  10 kobolds
  4 quokkas
  2 ball pythons
  3 bats
  3 giant gecko skeletons
  2 giant newts
  A goblin skeleton
  2 goblin zombies
  5 hobgoblin zombies
  A kobold skeleton
  An orc skeleton
  2 orc zombies
  10 rats
181 creatures vanquished.
